 Dungeon Crawl Stone Soup version 0.19.1-1-g22dce08 (webtiles) character file.

10 M4edhros the Grave Robber (level 2, -3/25 HPs)
             Began as an Octopode Necromancer on Jan 3, 2017.
             Slain by a gnoll
             ... wielding a +0 spear
              (6 damage)
             ... on level 2 of the Dungeon.
             The game lasted 00:00:56 (208 turns).

M4edhros the Grave Robber (Octopode Necromancer)     Turns: 208, Time: 00:00:57

Health: -3/25      AC:  1    Str: 12    XL:     2   Next: 20%
Magic:  4/5        EV: 13    Int: 17    God:
Gold:   79         SH:  0    Dex: 12    Spells: 1 memorised, 4 levels left

rFire  . . .     SeeInvis .       - Unarmed
rCold  . . .     Gourm    .     (no shield)
rNeg   . . .     Faith    +     (helmet restricted)
rPois  .         Spirit   .     d - amulet of faith
rElec  .         Reflect  .     (no ring)
rCorr  .         Harm     .     (no ring)
MR     .....                    (no ring)
Stlth  ..........               (no ring)
                                (no ring)
                                (no ring)
                                (no ring)
                                (no ring)

@: berserking, very quick
A: almost no armour, stealthy swim, amphibious, 8 rings, constrict 8, camouflage
1, gelatinous body 1
a: no special abilities


You were on level 2 of the Dungeon.
You were not hungry.

You visited 1 branch of the dungeon, and saw 2 of its levels.

You collected 79 gold pieces.

Inventory:

Jewellery
 d - an amulet of faith (around mantle)
Books
 a - a book of Necromancy

   Spells                             Type                      Level
   a - Pain                           Necromancy                   1
   b - Animate Skeleton               Necromancy                   1
   c - Vampiric Draining              Necromancy                   3
   d - Regeneration                   Charms/Necromancy            3
   e - Animate Dead                   Necromancy                   4
   f - Control Undead                 Necromancy                   4
Comestibles
 b - a bread ration
 c - a royal jelly
 f - 2 meat rations


   Skills:
 - Level 2.0 Dodging
 - Level 2.6 Stealth
 + Level 1.8 Unarmed Combat
 - Level 2.0 Spellcasting
 - Level 4.0 Necromancy


You had 4 spell levels left.
You knew the following spells:

 Your Spells              Type           Power        Failure   Level  Hunger
a - Pain                  Necr           ###.         3%          1    #......


Dungeon Overview and Level Annotations

Branches:
Dungeon (2/15)

Altars:
Vehumet


Innate Abilities, Weirdness & Mutations

You cannot wear most types of armour.
You are very stealthy in the water. (Stealth+)
You are amphibious.
You can wear up to eight rings at the same time.
You can use your tentacles to constrict eight enemies at once.
Your skin changes colour to match your surroundings (Stealth+).
Your rubbery body absorbs attacks. (AC +1, EV +1)


Message History

You see here 17 gold pieces.
You now have 79 gold pieces (gained 17).
Found a scroll labeled DIPPAI EMMU.
Found 14 gold pieces.
A gnoll comes into view. It is wielding a spear.
A gnoll comes into view.
Things that are here:
a scroll labeled AXKAC SULY; a dark potion It was a potion of berserk rage.
A red film seems to cover your vision as you go berserk!
You feel yourself moving faster!
You feel mighty!
The gnoll shouts!
A gnoll comes into view. It is wielding an enchanted spear.
You feel a strong urge to attack something.
A rat comes into view.
The gnoll shouts!
A gnoll comes into view. It is wielding an enchanted whip.
The kobold shouts!
The gnoll shouts!
The gnoll hits you with a spear.
You die...

#.................... ..
#... ................
..##.?.##.......##......
..r.........$. .........
........#...###+##....##
........#........#......
#g......#...............
#.g.g....?.........#..##
......g@#...#......#....
.....#.###.###.....#...#
........#...#......#.#.#
......K..._..w.....#.#..
.....#..#...#...##.#.#..
.....#.###.###.......#..
.... #. #...#...........
.... #..................
...#.........##..


You could see 4 gnolls, a kobold and a rat.

Vanquished Creatures
  A goblin (D:2)
  3 hobgoblins
  A bat (D:2)
  2 kobolds (D:2)
  4 rats
11 creatures vanquished.

Notes
Turn   | Place    | Note
-------+----------+-------------------------------------------
     0 | D:1      | M4edhros the Octopode Necromancer began the quest for the Orb.
     0 | D:1      | Reached XP level 1. HP: 11/11 MP: 3/3
    92 | D:2      | Reached skill level 1 in Unarmed Combat
   134 | D:2      | Reached XP level 2. HP: 3/17 MP: 0/5
   192 | D:2      | Found a radiant altar of Vehumet.
   208 | D:2      | Slain by a gnoll

Skill      XL: |  1 |
---------------+----+-----
Unarmed Combat | 1 |  1.8
Dodging        | |  2.0
Stealth        | |  2.6
Spellcasting   | |  2.0
Necromancy     | |  4.0

Action                   || total
-------------------------++-------
Melee: Unarmed           ||     5
       Constrict         ||     3
       Tentacles         ||     1
 Cast: Pain              ||    12
  Use: Potion            ||     1
Dodge: Dodged            ||     5
